 Dungeon Crawl Stone Soup version 0.27-a0-870-gc4bfac4 (webtiles) character file.

Game seed: 2534554420044330835

18 Nithhogg the Shooter (level 2, 0/16 HPs)
             Began as a Deep Elf Hunter on Apr 2, 2021.
             Slain by a jackal (1 damage)
             ... on level 1 of the Dungeon.
             The game lasted 00:01:13 (493 turns).

Nithhogg the Shooter (Deep Elf Hunter)               Turns: 493, Time: 00:01:14

Health: 0/16       AC:  3    Str:  9    XL:     2   Next: 48%
Magic:  5/5        EV: 12    Int: 15    God:
Gold:   9          SH:  0    Dex: 15    Spells: 3/3 levels left

rFire    . . .     SeeInvis .   a - +1 shortbow
rCold    . . .     Faith    .   (shield currently unavailable)
rNeg     . . .     Spirit   .   c - +0 leather armour
rPois    .         Reflect  .   (no helmet)
rElec    .         Harm     .   (no cloak)
rCorr    .         Rampage  .   (no gloves)
Will     .....                  (no boots)
Stlth    ++........             (no amulet)
HPRegen  0.05/turn              (no ring)
MPRegen  0.09/turn              (no ring)

@: no status effects
A: no striking features
a: no special abilities


You were on level 1 of the Dungeon.
You visited 1 branch of the dungeon, and saw 2 of its levels.

You collected 9 gold pieces.

Inventory:

Hand Weapons
 a - a +1 shortbow (weapon)
 b - a +0 short sword
Armour
 c - a +0 leather armour (worn)
Scrolls
 e - a scroll of identify {unknown}


   Skills:
 - Level 1.5 Fighting
 + Level 5.5 Bows
 + Level 2.8 Dodging
 + Level 2.0 Stealth
 + Level 1.3 Spellcasting


You had 3 spell levels left.
You didn't know any spells.
Your spell library was empty.

Dungeon Overview and Level Annotations

Branches:
Dungeon (2/15)

Altars:


Message History

Your extra speed is starting to run out.
You feel yourself slow down.
You see here 17 sling bullets.
There is a stone staircase leading down here.
The jackal closely misses you. The jackal barely misses you.
You climb downwards.
A ball python comes into view.
There is a stone staircase leading up here.
You miss the jackal. The jackal barely misses you. The jackal bites you.
* * * LOW HITPOINT WARNING * * *
You barely miss the jackal. The jackal misses you. The jackal bites you.
* * * LOW HITPOINT WARNING * * *
You clumsily bash the jackal but do no damage.
The ball python hisses angrily.
The jackal closely misses you.
The jackal bites you but does no damage.
The jackal bites you but does no damage.
You climb upwards.
The jackal barely misses you. x2
There is a stone staircase leading down here.
The jackal barely misses you. The jackal misses you.
The jackal closely misses you. The jackal barely misses you.
The jackal bites you but does no damage.
The jackal barely misses you. The jackal barely misses you.
You see here 17 sling bullets.
The jackal bites you.
* * * LOW HITPOINT WARNING * * *
The jackal misses you. The jackal barely misses you. The jackal misses you.
The jackal closely misses you. The jackal closely misses you.
The jackal bites you but does no damage.
You barely miss the jackal. The jackal misses you.
The jackal closely misses you. x2
You clumsily bash the jackal but do no damage.
The jackal bites you.
* * * LOW HITPOINT WARNING * * *
The jackal barely misses you. The jackal bites you.
You die...

#.# ### #.# ########## ..#
#.# #...h....# #h# #.#
#.######.# #h# #.# #.# #.#
#.# #.# #.# #.#
#.#####.########h# #.#
#..............h@# #.#
#######.#.######## #.#
##################.#
#......)'........#.#
#.#.....#........#(#
#.......#........#.#
#...##########...#.###
#...#..)#....#...#...#
#...#...'....#...#...#####


You could see 2 jackals.

Vanquished Creatures
  2 ball pythons (D:1)
  An endoplasm (D:1)
  A goblin (D:1)
  A hobgoblin (D:1)
  8 jackals (D:1)
  A bat (D:1)
14 creatures vanquished.

Notes
Turn   | Place    | Note
-------+----------+-------------------------------------------
     0 | D:1      | Nithhogg the Deep Elf Hunter began the quest for the Orb.
     0 | D:1      | Reached XP level 1. HP: 12/12 MP: 3/3
   309 | D:1      | Reached skill level 1 in Spellcasting
   309 | D:1      | Reached XP level 2. HP: 16/16 MP: 5/5
   493 | D:1      | Slain by a jackal

Illustrated notes

Levels and vault maps discovered:
D:1:      minmay_arrival_widening_spiral_wide, layout_loops_ring,
          basic_ecumenical_altar
D:2:      layout_rooms, kennysheep_generic_room_11

Skill      XL: |  1  2 |
---------------+-------+-----
Spellcasting   | 1 |  1.3
Stealth        | 2 |  2.0
Fighting       | |  1.5
Bows           | |  5.5
Dodging        | |  2.8

Action                   || total
-------------------------++-------
Melee: Shortbow          ||    10
 Fire: Shortbow          ||    42
  Use: Potion            ||     1
Armor: Leather armour    ||    18
Dodge: Dodged            ||    44

Table legend: (Time is in decaauts)
 A = Elapsed time spent in this place.
 B = Non-inter-level travel time spent in this place.
 C = Inter-level travel time spent in this place.
 D = Time resting spent in this place.
 E = Time spent auto-exploring this place.
 F = Levels seen in this place.
 G = Mean time per level.
                   A        B        C        D        E       F      G
               +--------+--------+--------+--------+--------+-----+--------+
         Total |    479 |    479 |      0 |      0 |    328 |   2 |  239.5 |
       Dungeon |    479 |    479 |      0 |      0 |    328 |   2 |  239.5 |
               +--------+--------+--------+--------+--------+-----+--------+

Top non-repeatable levels by time:
     D:1: 473 daAuts
     D:2: 6 daAuts
